CHICAGO vs PITTSBURGH

Created - March-13-21 at 19:45

Goals
1 2 3 T
CHICAGO 0 1 1 2
PITTSBURGH 2 1 1 4
Shots
1 2 3 T
CHICAGO 7 10 10 27
PITTSBURGH 12 6 4 22

1st period

1. PITTSBURGH , Teuvo Teravainen 10 (Jack Eichel 21, Vincent Hinostroza 11) at 10:38
2. PITTSBURGH , Jamie Oleksiak 3 (Trevor Lewis 5, Colton Sissons 7) at 18:27

Penalties :
No Penalty

2nd period

3. PITTSBURGH , Derek Ryan 7 (Brandon Tanev 5) at 6:53
4. CHICAGO , Frans Nielsen 7 (Erik Haula 12) at 15:04

Penalties :
Brandon Sutter (CHI) for Slashing (Minor) at 0:48, Greg Pateryn (PIT) for Cross-checking (Minor) at 10:16

3rd period

5. CHICAGO , Haydn Fleury 5 (Frans Nielsen 13, Travis Dermott 12) at 2:42
6. PITTSBURGH , Vincent Hinostroza 7 (Derek Ryan 12) at 19:39 (Empty Net)

Penalties :
Milan Lucic (CHI) for Tripping (Minor) at 3:43

Goalie Stats

James Reimer (CHI), 18 saves from 21 shots - (0.857), L, 12-20-4, 59:50 minutes
Philipp Grubauer (PIT), 25 saves from 27 shots - (0.926), W, 6-8-5, 60:00 minutes

Players Stats for CHICAGO

Player Name              G  A  P  +/- PIM S  H  SB GA TA FO     MP     PP MP  PK MP  
------------------------------------------------------------------------------------
Brandon Sutter           0  0  0   0  2   2  2  0  0  0  6/12   13:28   0:00   0:00 
Brendan Perlini          0  0  0   0  0   0  1  0  0  0  0/0     9:29   0:00   1:02 
Brett Murray             0  0  0   0  0   0  0  0  0  0  0/0     8:27   0:00   0:00 
Cody Eakin               0  0  0  -1  0   3  2  0  0  0  0/2    17:44   0:52   0:00 
Connor Bunnaman          0  0  0   0  0   0  2  0  0  0  4/8     8:27   0:00   0:00 
Erik Haula               0  1  1  -1  0   3  0  0  0  0  0/0    16:22   1:07   0:00 
Frans Nielsen            1  1  2  -1  0   4  0  0  0  0  17/24  17:06   1:07   0:44 
Gustav Nyquist           0  0  0  -1  0   3  0  0  0  0  1/4    20:12   0:52   2:28 
Haydn Fleury             1  0  1  -2  0   2  2  1  0  0  0/0    18:17   0:52   0:00 
Mark Pysyk               0  0  0   1  0   0  0  1  0  0  0/0    17:39   0:00   2:07 
Michael Del Zotto        0  0  0   1  0   0  3  0  0  0  0/0    17:39   0:00   2:07 
Mikkel Boedker           0  0  0   0  0   1  1  0  0  0  0/0    14:25   0:00   0:56 
Milan Lucic              0  0  0  -1  2   1  4  0  0  0  0/1    16:49   1:07   0:28 
Nick Leddy               0  0  0  -1  0   1  0  1  0  0  0/0    24:04   1:07   1:51 
Sven Baertschi           0  0  0   0  0   3  3  0  0  0  0/0    13:29   0:00   0:00 
Travis Dermott           0  1  1  -2  0   0  0  1  0  0  0/0    18:17   0:52   0:00 
Tyler Bozak              0  0  0  -1  0   2  1  0  0  0  11/21  20:02   0:52   2:18 
Tyson Barrie             0  0  0  -1  0   2  0  2  0  0  0/0    24:04   1:07   1:51 

Players Stats for PITTSBURGH

Player Name              G  A  P  +/- PIM S  H  SB GA TA FO     MP     PP MP  PK MP  
------------------------------------------------------------------------------------
Andrei Svechnikov        0  0  0  -1  0   3  2  0  0  0  0/0    17:15   1:48   0:00 
Brandon Tanev            0  1  1   2  0   2  3  0  0  0  1/1    15:28   2:10   0:26 
Cale Makar               0  0  0   0  0   0  0  0  0  0  0/0     4:23   2:36   0:26 
Colton Sissons           0  1  1   1  0   3  0  1  0  0  5/10    9:56   0:00   0:26 
Derek Ryan               1  1  2   2  0   2  0  1  0  0  7/19   16:35   2:10   1:33 
Greg Pateryn             0  0  0   1  2   1  3  1  0  0  0/0    18:04   0:00   0:00 
Jack Eichel              0  1  1   0  0   2  0  1  0  0  7/16   18:41   1:48   0:00 
Jamie Oleksiak           1  0  1   0  0   1  4  1  0  0  0/0    16:04   0:00   0:00 
Jonas Siegenthaler       0  0  0   1  0   2  2  1  0  0  0/0    21:52   1:22   1:23 
Jordan Greenway          0  0  0  -1  0   0  2  0  0  0  0/0    16:03   1:15   0:00 
Jordan Oesterle          0  0  0   0  0   0  0  0  0  0  0/0    16:04   0:00   0:00 
Kris Russell             0  0  0   1  0   2  2  0  0  0  0/0    21:49   1:32   1:07 
Marcus Sorensen          0  0  0   0  0   0  0  0  0  0  0/0     0:00   0:00   0:00 
Nick Jensen              0  0  0   1  0   0  1  1  0  0  0/0    19:17   0:00   1:02 
Pierre Engvall           0  0  0   1  0   0  0  0  0  0  0/0    11:01   2:10   0:00 
Robert Thomas            0  0  0  -1  0   0  0  0  0  0  10/20  15:59   1:11   0:00 
Sammy Blais              0  0  0   1  0   0  6  0  0  0  0/0    12:29   0:00   0:00 
Teuvo Teravainen         1  0  1   0  0   2  0  0  0  0  0/2    18:41   1:48   0:00 
Trevor Lewis             0  1  1   1  0   0  0  0  0  0  0/0     9:30   0:00   0:00 
Vincent Hinostroza       1  1  2   1  0   2  1  0  0  0  3/4    18:49   0:00   1:33 

3 Stars

1 - Derek Ryan (PIT)
2 - Vincent Hinostroza (PIT)
3 - Jamie Oleksiak (PIT)

Power Play

CHICAGO - 0 on 1 Attempt(s) - 0.00%
PITTSBURGH - 0 on 2 Attempt(s) - 0.00%

Penalty Kill

CHICAGO - 2 on 2 Attempt(s) - 100.00% - Score 0 goal in Penalty Kill
PITTSBURGH - 1 on 1 Attempt(s) - 100.00% - Score 0 goal in Penalty Kill

Team Stat

CHICAGO - Hits : 21 - Faceoff Wins : 39 - Blocked Shots : 6 - Penalty Minutes : 4
PITTSBURGH - Hits : 26 - Faceoff Wins : 33 - Blocked Shots : 7 - Penalty Minutes : 2

Official

Referees : Tom Chmielewski and Troy Paterson
Linesman : Pierre Racicot and Tyson Baker

Game Notes

Vincent Hinostroza has scored in a empty net!

Finance

Level 1 -- Attendance: 5977 (99.62%) -- Ticket Income $537,930
Level 2 -- Attendance: 4693 (93.86%) -- Ticket Income $272,194
Level 3 -- Attendance: 1902 (95.10%) -- Ticket Income $66,570
Level 4 -- Attendance: 3784 (94.60%) -- Ticket Income $64,328
Luxury Box -- Attendance: 1000 (100.00%) -- Ticket Income $175,000
Game was played at the PPG Paints Arena.
Total Attendance: 17356 (96.42%)
Total Ticket Income: $1,116,022
Total Income: $1,116,022

CHICAGO

5 vs 5 Forward 
   Center                   Left Wing                Right Wing               Time % Phy DF OF 
 1 Tyler Bozak              Cody Eakin               Gustav Nyquist           35     1   2  2  
 2 Frans Nielsen            Erik Haula               Milan Lucic              30     1   2  2  
 3 Brandon Sutter           Mikkel Boedker           Sven Baertschi           25     1   2  2  
 4 Connor Bunnaman          Brett Murray             Brendan Perlini          10     1   2  2  

5 vs 5 Defense 
   Defense                  Defense                                           Time % Phy DF OF 
 1 Tyson Barrie             Nick Leddy                                        35     1   2  2  
 2 Travis Dermott           Haydn Fleury                                      30     1   2  2  
 3 Michael Del Zotto        Mark Pysyk                                        25     1   2  2  
 4 Tyson Barrie             Nick Leddy                                        10     1   2  2  

PowerPlay Forward 
   Center                   Left Wing                Right Wing               Time % Phy DF OF 
 1 Tyler Bozak              Cody Eakin               Gustav Nyquist           60     1   2  2  
 2 Frans Nielsen            Erik Haula               Milan Lucic              40     1   2  2  

PowerPlay Defense
   Defense                  Defense                                           Time % Phy DF OF 
 1 Tyson Barrie             Nick Leddy                                        60     1   2  2  
 2 Travis Dermott           Haydn Fleury                                      40     1   2  2  

Penalty Kill 4 Players Forward 
   Center                   Wing                     Time % Phy DF OF 
 1 Gustav Nyquist           Tyler Bozak              60     1   2  2  
 2 Frans Nielsen            Milan Lucic              40     1   2  2  

Penalty Kill 4 Players Defense
   Defense                  Defense                  Time % Phy DF OF 
 1 Tyson Barrie             Nick Leddy               60     1   2  2  
 2 Michael Del Zotto        Mark Pysyk               40     1   2  2  

Penalty Kill - 3 Players Forward 
   Forward                                           Time % Phy DF OF 
 1 Gustav Nyquist                                    60     1   2  2  
 2 Tyler Bozak                                       40     1   2  2  

Penalty Kill - 3 Players Defense
   Defense                  Defense                  Time % Phy DF OF 
 1 Tyson Barrie             Nick Leddy               60     1   2  2  
 2 Michael Del Zotto        Mark Pysyk               40     1   2  2  

4 vs 4 Forward 
   Center                   Wing                     Time % Phy DF OF 
 1 Gustav Nyquist           Tyler Bozak              60     1   2  2  
 2 Frans Nielsen            Milan Lucic              40     1   2  2  

4 vs 4 Defense
   Defense                  Defense                  Time % Phy DF OF 
 1 Tyson Barrie             Nick Leddy               60     1   2  2  
 2 Michael Del Zotto        Mark Pysyk               40     1   2  2  

Last Minutes Offensive
   Center                   Left Wing                Right Wing               Defense                  Defense                  
   Tyler Bozak              Cody Eakin               Gustav Nyquist           Tyson Barrie             Nick Leddy               

Last Minutes Defensive
   Center                   Left Wing                Right Wing               Defense                  Defense                  
   Tyler Bozak              Cody Eakin               Gustav Nyquist           Tyson Barrie             Nick Leddy               

Goaltenders
Starting : James Reimer             
Backup : Cory Schneider           

Extra Forwards
Normal : Brett Murray, Brandon Sutter, Mikkel Boedker - PP : Brett Murray, Brandon Sutter - PK : Mikkel Boedker
Extra Defensemen
Normal : Travis Dermott, Haydn Fleury, Michael Del Zotto - PP : Travis Dermott - PK : Haydn Fleury, Michael Del Zotto
Penalty Shots
Gustav Nyquist, Tyler Bozak, Frans Nielsen, Milan Lucic, Cody Eakin

Scratches
Mason Appleton (Healthy), CHI Cap Hit (Suspend), Tyler Lewington (Healthy), Nikita Nesterov (Healthy), Mike Smith (Healthy)

PITTSBURGH

5 vs 5 Forward 
   Center                   Left Wing                Right Wing               Time % Phy DF OF 
 1 Jack Eichel              Vincent Hinostroza       Teuvo Teravainen         35     0   2  3  
 2 Robert Thomas            Jordan Greenway          Andrei Svechnikov        30     0   2  3  
 3 Derek Ryan               Sammy Blais              Brandon Tanev            25     0   2  3  
 4 Colton Sissons           Pierre Engvall           Trevor Lewis             10     0   2  3  

5 vs 5 Defense 
   Defense                  Defense                                           Time % Phy DF OF 
 1 Kris Russell             Jonas Siegenthaler                                35     0   3  2  
 2 Greg Pateryn             Nick Jensen                                       30     0   3  2  
 3 Jamie Oleksiak           Jordan Oesterle                                   25     0   3  2  
 4 Kris Russell             Jonas Siegenthaler                                10     0   3  2  

PowerPlay Forward 
   Center                   Left Wing                Right Wing               Time % Phy DF OF 
 1 Jack Eichel              Andrei Svechnikov        Teuvo Teravainen         70     0   1  4  
 2 Derek Ryan               Pierre Engvall           Brandon Tanev            30     0   1  4  

PowerPlay Defense
   Defense                  Defense                                           Time % Phy DF OF 
 1 Cale Makar               Robert Thomas                                     70     0   1  4  
 2 Cale Makar               Jordan Greenway                                   30     0   1  4  

Penalty Kill 4 Players Forward 
   Center                   Wing                     Time % Phy DF OF 
 1 Derek Ryan               Vincent Hinostroza       60     0   4  1  
 2 Colton Sissons           Brandon Tanev            40     0   4  1  

Penalty Kill 4 Players Defense
   Defense                  Defense                  Time % Phy DF OF 
 1 Jonas Siegenthaler       Kris Russell             60     0   4  1  
 2 Greg Pateryn             Nick Jensen              40     0   4  1  

Penalty Kill - 3 Players Forward 
   Forward                                           Time % Phy DF OF 
 1 Vincent Hinostroza                                60     0   5  0  
 2 Brandon Tanev                                     40     0   5  0  

Penalty Kill - 3 Players Defense
   Defense                  Defense                  Time % Phy DF OF 
 1 Jonas Siegenthaler       Kris Russell             60     0   5  0  
 2 Greg Pateryn             Nick Jensen              40     0   5  0  

4 vs 4 Forward 
   Center                   Wing                     Time % Phy DF OF 
 1 Jack Eichel              Teuvo Teravainen         60     0   2  3  
 2 Robert Thomas            Andrei Svechnikov        40     0   2  3  

4 vs 4 Defense
   Defense                  Defense                  Time % Phy DF OF 
 1 Jonas Siegenthaler       Kris Russell             60     0   3  2  
 2 Jamie Oleksiak           Cale Makar               40     0   3  2  

Last Minutes Offensive
   Center                   Left Wing                Right Wing               Defense                  Defense                  
   Jack Eichel              Andrei Svechnikov        Teuvo Teravainen         Cale Makar               Robert Thomas            

Last Minutes Defensive
   Center                   Left Wing                Right Wing               Defense                  Defense                  
   Derek Ryan               Brandon Tanev            Vincent Hinostroza       Jonas Siegenthaler       Kris Russell             

Goaltenders
Starting : Philipp Grubauer         
Backup : Jordan Binnington        

Extra Forwards
Normal : Jack Eichel, Teuvo Teravainen, Andrei Svechnikov - PP : Jack Eichel, Teuvo Teravainen - PK : Vincent Hinostroza
Extra Defensemen
Normal : Kris Russell, Jonas Siegenthaler, Cale Makar - PP : Cale Makar - PK : Kris Russell, Jonas Siegenthaler
Penalty Shots
Andrei Svechnikov, Vincent Hinostroza, Teuvo Teravainen, Derek Ryan, Jack Eichel

Scratches
PIT Cap Hit (Suspend), Pontus Aberg (Healthy)

% Time on Ice - CHICAGO

Lines # - Real PCT - Wanted PCT - Time Play
Normal Forward
1 - 31% - 35% - 16:29
2 - 28% - 30% - 15:15
3 - 25% - 25% - 13:29
4 - 16% - 10% - 8:27
Normal Defense
1 - 33% - 35% - 17:51
2 - 32% - 30% - 17:25
3 - 29% - 25% - 15:32
4 - 5% - 10% - 2:52
PP Forward
1 - 44% - 60% - 0:52
2 - 56% - 40% - 1:07
PP Defense
1 - 56% - 60% - 1:07
2 - 44% - 40% - 0:52
PK Forward
1 - 82% - 60% - 3:14
2 - 18% - 40% - 0:44
PK Defense
1 - 47% - 60% - 1:51
2 - 53% - 40% - 2:07
PK3 Forward
1 - 0% - 60%
2 - 0% - 40%
PK3 Defense
1 - 0% - 60%
2 - 0% - 40%
44 Forward
1 - 0% - 60%
2 - 0% - 40%
44 Defense
1 - 0% - 60%
2 - 0% - 40%
Last Minute Offensive  - 0:23
Last Minute Defensive  - 0:00
Total
Forward - 60:00
Defense - 60:00

% Time on Ice - PITTSBURGH

Lines # - Real PCT - Wanted PCT - Time Play
Normal Forward
1 - 31% - 35% - 16:53
2 - 28% - 30% - 14:48
3 - 23% - 25% - 12:29
4 - 18% - 10% - 9:30
Normal Defense
1 - 32% - 35% - 17:15
2 - 35% - 30% - 18:49
3 - 30% - 25% - 16:04
4 - 3% - 10% - 1:32
PP Forward
1 - 45% - 70% - 1:48
2 - 55% - 30% - 2:10
PP Defense
1 - 68% - 70% - 2:43
2 - 32% - 30% - 1:15
PK Forward
1 - 78% - 60% - 1:33
2 - 22% - 40% - 0:26
PK Defense
1 - 34% - 60% - 0:40
2 - 66% - 40% - 1:19
PK3 Forward
1 - 0% - 60%
2 - 0% - 40%
PK3 Defense
1 - 0% - 60%
2 - 0% - 40%
44 Forward
1 - 0% - 60%
2 - 0% - 40%
44 Defense
1 - 0% - 60%
2 - 0% - 40%
Last Minute Offensive  - 0:00
Last Minute Defensive  - 0:23
Total
Forward - 60:00
Defense - 60:00

Play-by-Play

1st period


0:01 of 1st period - Tyler Bozak wins face-off versus Jack Eichel in neutral zone.
0:41 of 1st period - Shot by Kris Russell.
0:41 of 1st period - Stopped by James Reimer with a rebound.
1:09 of 1st period - Shot by Greg Pateryn.
1:09 of 1st period - Stopped by James Reimer without a rebound.
1:10 of 1st period - Brandon Sutter wins face-off versus Derek Ryan in CHICAGO zone.
1:10 of 1st period - Sven Baertschi is hit by Sammy Blais and loses puck.
2:27 of 1st period - Shot by Andrei Svechnikov.
2:27 of 1st period - Shot Misses the Net.
2:46 of 1st period - Icing by Frans Nielsen.
2:47 of 1st period - Frans Nielsen wins face-off versus Colton Sissons in CHICAGO zone.
3:15 of 1st period - Icing by Tyson Barrie.
3:16 of 1st period - Jack Eichel wins face-off versus Connor Bunnaman in CHICAGO zone.
3:23 of 1st period - Shot by Teuvo Teravainen.
3:23 of 1st period - Shot Misses the Net.
5:03 of 1st period - Shot by Sven Baertschi.
5:03 of 1st period - Stopped by Philipp Grubauer with a rebound.
5:45 of 1st period - Shot by Colton Sissons.
5:45 of 1st period - Stopped by James Reimer with a rebound.
5:47 of 1st period - Shot by Jamie Oleksiak.
5:47 of 1st period - Shot Misses the Net.
5:49 of 1st period - Shot by Colton Sissons.
5:49 of 1st period - Stopped by James Reimer without a rebound.
5:50 of 1st period - Jack Eichel wins face-off versus Frans Nielsen in CHICAGO zone.
6:06 of 1st period - Icing by Tyson Barrie.
6:07 of 1st period - Colton Sissons wins face-off versus Frans Nielsen in CHICAGO zone.
7:17 of 1st period - Off-side.
7:18 of 1st period - Jack Eichel wins face-off versus Connor Bunnaman in neutral zone.
7:32 of 1st period - Kris Russell is hit by Brendan Perlini and loses puck.
7:52 of 1st period - Connor Bunnaman is hit by Jonas Siegenthaler and loses puck.
8:27 of 1st period - Icing by Haydn Fleury.
8:28 of 1st period - Brandon Sutter wins face-off versus Derek Ryan in CHICAGO zone.
8:28 of 1st period - Brandon Sutter is hit by Brandon Tanev.
8:31 of 1st period - Icing by Travis Dermott.
8:32 of 1st period - Robert Thomas wins face-off versus Brandon Sutter in CHICAGO zone.
8:33 of 1st period - Shot by Andrei Svechnikov.
8:33 of 1st period - Stopped by James Reimer without a rebound.
8:34 of 1st period - Tyler Bozak wins face-off versus Robert Thomas in CHICAGO zone.
8:39 of 1st period - Michael Del Zotto is hit by Greg Pateryn and loses puck.
8:49 of 1st period - Icing by Michael Del Zotto.
8:50 of 1st period - Brandon Tanev wins face-off versus Tyler Bozak in CHICAGO zone.
9:05 of 1st period - Cody Eakin is hit by Sammy Blais and loses puck.
9:20 of 1st period - Shot by Gustav Nyquist.
9:20 of 1st period - Stopped by Philipp Grubauer without a rebound.
9:21 of 1st period - Frans Nielsen wins face-off versus Jack Eichel in PITTSBURGH zone.
9:30 of 1st period - Shot by Erik Haula.
9:30 of 1st period - Stopped by Philipp Grubauer without a rebound.
9:31 of 1st period - Robert Thomas wins face-off versus Brandon Sutter in PITTSBURGH zone.
9:50 of 1st period - Shot by Andrei Svechnikov.
9:50 of 1st period - Shot Blocked by Tyson Barrie.
10:05 of 1st period - Icing by Nick Jensen.
10:06 of 1st period - Robert Thomas wins face-off versus Frans Nielsen in PITTSBURGH zone.
10:06 of 1st period - Robert Thomas is hit by Milan Lucic.
10:13 of 1st period - Jordan Greenway is hit by Haydn Fleury.
10:38 of 1st period - Shot by Teuvo Teravainen.
10:38 of 1st period - Goal by Teuvo Teravainen - CHICAGO : 0 - PITTSBURGH : 1.
10:39 of 1st period - Derek Ryan wins face-off versus Tyler Bozak in neutral zone.
11:06 of 1st period - Shot by Derek Ryan.
11:06 of 1st period - Shot Misses the Net.
11:08 of 1st period - Shot by Derek Ryan.
11:08 of 1st period - Deflect By Brandon Tanev.
11:08 of 1st period - Shot Misses the Net.
11:10 of 1st period - Shot by Derek Ryan.
11:10 of 1st period - Shot Misses the Net.
11:15 of 1st period - Brandon Tanev is hit by Michael Del Zotto and loses puck.
11:47 of 1st period - Shot by Brandon Sutter.
11:47 of 1st period - Stopped by Philipp Grubauer without a rebound.
11:48 of 1st period - Colton Sissons wins face-off versus Frans Nielsen in PITTSBURGH zone.
12:08 of 1st period - Travis Dermott is hit by Nick Jensen and loses puck.
12:46 of 1st period - Teuvo Teravainen is hit by Sven Baertschi and loses puck.
13:05 of 1st period - Teuvo Teravainen is hit by Brandon Sutter.
13:28 of 1st period - Icing by Jamie Oleksiak.
13:29 of 1st period - Jack Eichel wins face-off versus Tyler Bozak in PITTSBURGH zone.
13:41 of 1st period - Icing by Mark Pysyk.
13:42 of 1st period - Robert Thomas wins face-off versus Tyler Bozak in CHICAGO zone.
13:53 of 1st period - Shot by Jordan Greenway.
13:53 of 1st period - Shot Blocked by Mark Pysyk.
13:55 of 1st period - Shot by Andrei Svechnikov.
13:55 of 1st period - Shot Misses the Net.
13:57 of 1st period - Shot by Jonas Siegenthaler.
13:57 of 1st period - Stopped by James Reimer without a rebound.
13:58 of 1st period - Derek Ryan wins face-off versus Frans Nielsen in CHICAGO zone.
14:15 of 1st period - Shot by Brandon Tanev.
14:15 of 1st period - Stopped by James Reimer without a rebound.
14:16 of 1st period - Tyler Bozak wins face-off versus Robert Thomas in CHICAGO zone.
14:16 of 1st period - Tyler Bozak is hit by Jordan Greenway.
14:19 of 1st period - Icing by Cody Eakin.
14:20 of 1st period - Tyler Bozak wins face-off versus Robert Thomas in CHICAGO zone.
14:26 of 1st period - Gustav Nyquist is hit by Kris Russell and loses puck.
14:32 of 1st period - Andrei Svechnikov is hit by Cody Eakin and loses puck.
14:47 of 1st period - Shot by Andrei Svechnikov.
14:47 of 1st period - Shot Blocked by Haydn Fleury.
14:49 of 1st period - Shot by Jonas Siegenthaler.
14:49 of 1st period - Stopped by James Reimer with a rebound.
15:40 of 1st period - Nick Jensen is hit by Milan Lucic and loses puck.
17:13 of 1st period - Pierre Engvall is hit by Haydn Fleury and loses puck.
17:22 of 1st period - Shot by Colton Sissons.
17:22 of 1st period - Stopped by James Reimer without a rebound.
17:23 of 1st period - Tyler Bozak wins face-off versus Robert Thomas in CHICAGO zone.
17:45 of 1st period - Shot by Cody Eakin.
17:45 of 1st period - Shot Misses the Net.
17:47 of 1st period - Shot by Tyler Bozak.
17:47 of 1st period - Stopped by Philipp Grubauer without a rebound.
17:48 of 1st period - Brandon Sutter wins face-off versus Jack Eichel in PITTSBURGH zone.
18:01 of 1st period - Shot by Mikkel Boedker.
18:01 of 1st period - Deflect By Sven Baertschi.
18:01 of 1st period - Stopped by Philipp Grubauer without a rebound.
18:02 of 1st period - Frans Nielsen wins face-off versus Colton Sissons in PITTSBURGH zone.
18:05 of 1st period - Shot by Frans Nielsen.
18:05 of 1st period - Stopped by Philipp Grubauer with a rebound.
18:17 of 1st period - Shot by Pierre Engvall.
18:17 of 1st period - Shot Misses the Net.
18:25 of 1st period - Shot by Trevor Lewis.
18:25 of 1st period - Shot Blocked by Travis Dermott.
18:27 of 1st period - Shot by Jamie Oleksiak.
18:27 of 1st period - Goal by Jamie Oleksiak - CHICAGO : 0 - PITTSBURGH : 2.
18:28 of 1st period - Vincent Hinostroza wins face-off versus Tyler Bozak in neutral zone.
18:37 of 1st period - Nick Leddy is hit by Kris Russell and loses puck.
18:48 of 1st period - Shot by Gustav Nyquist.
18:48 of 1st period - Shot Blocked by Jack Eichel.
18:53 of 1st period - Tyler Bozak is hit by Jonas Siegenthaler and loses puck.
19:22 of 1st period - Shot by Robert Thomas.
19:22 of 1st period - Shot Blocked by Tyson Barrie.
19:24 of 1st period - Shot by Andrei Svechnikov.
19:24 of 1st period - Stopped by James Reimer without a rebound.
19:25 of 1st period - Frans Nielsen wins face-off versus Derek Ryan in CHICAGO zone.
Goals for this period are 0 for CHICAGO vs 2 for PITTSBURGH.
Shots for this period are 7 for CHICAGO vs 12 for PITTSBURGH.

2nd period


0:01 of 2nd period - Robert Thomas wins face-off versus Brandon Sutter in neutral zone.
0:06 of 2nd period - Shot by Andrei Svechnikov.
0:06 of 2nd period - Stopped by James Reimer without a rebound.
0:07 of 2nd period - Brandon Sutter wins face-off versus Robert Thomas in CHICAGO zone.
0:09 of 2nd period - Tyson Barrie is hit by Andrei Svechnikov and loses puck.
0:48 of 2nd period - Minor Penalty to Brandon Sutter for Slashing.
0:49 of 2nd period - Derek Ryan wins face-off versus Gustav Nyquist in CHICAGO zone.
0:58 of 2nd period - Shot by Robert Thomas.
0:58 of 2nd period - Shot Misses the Net.
1:00 of 2nd period - Shot by Robert Thomas.
1:00 of 2nd period - Shot Misses the Net.
1:16 of 2nd period - Nick Leddy is hit by Brandon Tanev and loses puck.
2:05 of 2nd period - Shot by Kris Russell.
2:05 of 2nd period - Stopped by James Reimer without a rebound.
2:06 of 2nd period - Frans Nielsen wins face-off versus Teuvo Teravainen in CHICAGO zone.
3:54 of 2nd period - Shot by Erik Haula.
3:54 of 2nd period - Stopped by Philipp Grubauer with a rebound.
3:56 of 2nd period - Shot by Milan Lucic.
3:56 of 2nd period - Shot Misses the Net.
3:58 of 2nd period - Shot by Tyson Barrie.
3:58 of 2nd period - Shot Misses the Net.
4:12 of 2nd period - Icing by Michael Del Zotto.
4:13 of 2nd period - Brandon Sutter wins face-off versus Derek Ryan in CHICAGO zone.
4:13 of 2nd period - Mikkel Boedker is hit by Brandon Tanev and loses puck.
4:26 of 2nd period - Shot by Derek Ryan.
4:26 of 2nd period - Stopped by James Reimer with a rebound.
5:47 of 2nd period - Kris Russell is hit by Brandon Sutter and loses puck.
6:06 of 2nd period - Shot by Gustav Nyquist.
6:06 of 2nd period - Shot Misses the Net.
6:08 of 2nd period - Shot by Cody Eakin.
6:08 of 2nd period - Stopped by Philipp Grubauer with a rebound.
6:10 of 2nd period - Shot by Gustav Nyquist.
6:10 of 2nd period - Shot Hit the Post.
6:12 of 2nd period - Shot by Cody Eakin.
6:12 of 2nd period - Shot Misses the Net.
6:14 of 2nd period - Shot by Cody Eakin.
6:14 of 2nd period - Shot Misses the Net.
6:26 of 2nd period - Shot by Cody Eakin.
6:26 of 2nd period - Stopped by Philipp Grubauer without a rebound.
6:27 of 2nd period - Frans Nielsen wins face-off versus Derek Ryan in PITTSBURGH zone.
6:28 of 2nd period - Shot by Erik Haula.
6:28 of 2nd period - Stopped by Philipp Grubauer without a rebound.
6:29 of 2nd period - Frans Nielsen wins face-off versus Derek Ryan in PITTSBURGH zone.
6:53 of 2nd period - Shot by Derek Ryan.
6:53 of 2nd period - Goal by Derek Ryan - CHICAGO : 0 - PITTSBURGH : 3.
6:54 of 2nd period - Jack Eichel wins face-off versus Gustav Nyquist in neutral zone.
7:11 of 2nd period - Shot by Jack Eichel.
7:11 of 2nd period - Stopped by James Reimer without a rebound.
7:12 of 2nd period - Connor Bunnaman wins face-off versus Robert Thomas in CHICAGO zone.
7:25 of 2nd period - Shot by Jordan Greenway.
7:25 of 2nd period - Shot Misses the Net.
7:56 of 2nd period - Haydn Fleury is hit by Greg Pateryn and loses puck.
8:57 of 2nd period - Shot by Tyler Bozak.
8:57 of 2nd period - Shot Misses the Net.
9:35 of 2nd period - Shot by Frans Nielsen.
9:35 of 2nd period - Stopped by Philipp Grubauer without a rebound.
9:36 of 2nd period - Colton Sissons wins face-off versus Brandon Sutter in PITTSBURGH zone.
9:36 of 2nd period - Colton Sissons is hit by Sven Baertschi.
9:39 of 2nd period - Trevor Lewis is hit by Sven Baertschi and loses puck.
9:58 of 2nd period - Shot by Brandon Sutter.
9:58 of 2nd period - Shot Blocked by Colton Sissons.
10:01 of 2nd period - Brandon Sutter is hit by Greg Pateryn and loses puck.
10:06 of 2nd period - Shot by Sven Baertschi.
10:06 of 2nd period - Deflect By Brandon Sutter.
10:06 of 2nd period - Shot Misses the Net.
10:08 of 2nd period - Shot by Brandon Sutter.
10:08 of 2nd period - Shot Blocked by Greg Pateryn.
10:15 of 2nd period - Icing by Greg Pateryn.
10:16 of 2nd period - Tyler Bozak wins face-off versus Colton Sissons in PITTSBURGH zone.
10:16 of 2nd period - Minor Penalty to Greg Pateryn for Cross-checking.
10:17 of 2nd period - Derek Ryan wins face-off versus Tyler Bozak in PITTSBURGH zone.
10:25 of 2nd period - Icing by Tyler Bozak.
10:26 of 2nd period - Tyler Bozak wins face-off versus Derek Ryan in CHICAGO zone.
11:29 of 2nd period - Shot by Frans Nielsen.
11:29 of 2nd period - Stopped by Philipp Grubauer without a rebound.
11:30 of 2nd period - Frans Nielsen wins face-off versus Derek Ryan in PITTSBURGH zone.
11:31 of 2nd period - Shot by Tyson Barrie.
11:31 of 2nd period - Stopped by Philipp Grubauer without a rebound.
11:32 of 2nd period - Derek Ryan wins face-off versus Milan Lucic in PITTSBURGH zone.
11:32 of 2nd period - Derek Ryan is hit by Milan Lucic.
11:48 of 2nd period - Shot by Tyson Barrie.
11:48 of 2nd period - Shot Blocked by Derek Ryan.
11:52 of 2nd period - Shot by Erik Haula.
11:52 of 2nd period - Shot Misses the Net.
11:54 of 2nd period - Shot by Nick Leddy.
11:54 of 2nd period - Shot Blocked by Nick Jensen.
11:56 of 2nd period - Shot by Frans Nielsen.
11:56 of 2nd period - Shot Misses the Net.
12:19 of 2nd period - Icing by Jamie Oleksiak.
12:20 of 2nd period - Gustav Nyquist wins face-off versus Robert Thomas in PITTSBURGH zone.
12:54 of 2nd period - Icing by Haydn Fleury.
12:55 of 2nd period - Tyler Bozak wins face-off versus Colton Sissons in CHICAGO zone.
13:07 of 2nd period - Colton Sissons is hit by Cody Eakin and loses puck.
13:48 of 2nd period - Shot by Sven Baertschi.
13:48 of 2nd period - Shot Misses the Net.
13:50 of 2nd period - Shot by Nick Leddy.
13:50 of 2nd period - Stopped by Philipp Grubauer with a rebound.
13:52 of 2nd period - Shot by Tyson Barrie.
13:52 of 2nd period - Stopped by Philipp Grubauer without a rebound.
13:53 of 2nd period - Jack Eichel wins face-off versus Frans Nielsen in PITTSBURGH zone.
14:03 of 2nd period - Shot by Vincent Hinostroza.
14:03 of 2nd period - Shot Misses the Net.
14:05 of 2nd period - Shot by Teuvo Teravainen.
14:05 of 2nd period - The goal is going for a video replay.
14:05 of 2nd period - The goal is refused.
14:06 of 2nd period - Robert Thomas wins face-off versus Connor Bunnaman in CHICAGO zone.
14:42 of 2nd period - Shot by Brendan Perlini.
14:42 of 2nd period - Shot Misses the Net.
14:44 of 2nd period - Shot by Connor Bunnaman.
14:44 of 2nd period - Shot Misses the Net.
15:04 of 2nd period - Shot by Frans Nielsen.
15:04 of 2nd period - Goal by Frans Nielsen - CHICAGO : 1 - PITTSBURGH : 3.
15:05 of 2nd period - Tyler Bozak wins face-off versus Jack Eichel in neutral zone.
16:55 of 2nd period - Icing by Tyson Barrie.
16:56 of 2nd period - Frans Nielsen wins face-off versus Robert Thomas in CHICAGO zone.
17:01 of 2nd period - Shot by Jordan Greenway.
17:01 of 2nd period - Deflect By Andrei Svechnikov.
17:01 of 2nd period - Shot Misses the Net.
17:07 of 2nd period - Shot by Milan Lucic.
17:07 of 2nd period - Shot Misses the Net.
18:30 of 2nd period - Connor Bunnaman is hit by Sammy Blais.
19:08 of 2nd period - Colton Sissons is hit by Connor Bunnaman and loses puck.
19:17 of 2nd period - Icing by Nick Leddy.
19:18 of 2nd period - Connor Bunnaman wins face-off versus Jack Eichel in CHICAGO zone.
19:53 of 2nd period - Shot by Gustav Nyquist.
19:53 of 2nd period - Shot Misses the Net.
Goals for this period are 1 for CHICAGO vs 1 for PITTSBURGH.
Shots for this period are 10 for CHICAGO vs 6 for PITTSBURGH.

3rd period


0:01 of 3rd period - Jack Eichel wins face-off versus Frans Nielsen in neutral zone.
1:04 of 3rd period - Travis Dermott is hit by Sammy Blais and loses puck.
1:15 of 3rd period - Shot by Gustav Nyquist.
1:15 of 3rd period - Stopped by Philipp Grubauer without a rebound.
1:16 of 3rd period - Robert Thomas wins face-off versus Brandon Sutter in PITTSBURGH zone.
1:25 of 3rd period - Shot by Sven Baertschi.
1:25 of 3rd period - Shot Hit the Post.
1:46 of 3rd period - Shot by Sven Baertschi.
1:46 of 3rd period - Shot Blocked by Jamie Oleksiak.
1:48 of 3rd period - Shot by Mark Pysyk.
1:48 of 3rd period - Shot Misses the Net.
2:18 of 3rd period - Brett Murray is hit by Sammy Blais and loses puck.
2:32 of 3rd period - Off-side.
2:33 of 3rd period - Frans Nielsen wins face-off versus Vincent Hinostroza in neutral zone.
2:40 of 3rd period - Shot by Frans Nielsen.
2:40 of 3rd period - Shot Misses the Net.
2:42 of 3rd period - Shot by Haydn Fleury.
2:42 of 3rd period - Goal by Haydn Fleury - CHICAGO : 2 - PITTSBURGH : 3.
2:43 of 3rd period - Tyler Bozak wins face-off versus Jack Eichel in neutral zone.
2:46 of 3rd period - Vincent Hinostroza is hit by Tyler Bozak and loses puck.
2:53 of 3rd period - Shot by Cody Eakin.
2:53 of 3rd period - Stopped by Philipp Grubauer without a rebound.
2:54 of 3rd period - Frans Nielsen wins face-off versus Robert Thomas in PITTSBURGH zone.
3:11 of 3rd period - Jordan Greenway is hit by Milan Lucic and loses puck.
3:16 of 3rd period - Shot by Frans Nielsen.
3:16 of 3rd period - Deflect By Erik Haula.
3:16 of 3rd period - Shot Misses the Net.
3:43 of 3rd period - Minor Penalty to Milan Lucic for Tripping.
3:44 of 3rd period - Derek Ryan wins face-off versus Gustav Nyquist in CHICAGO zone.
5:52 of 3rd period - Frans Nielsen is hit by Jamie Oleksiak and loses puck.
5:58 of 3rd period - Milan Lucic is hit by Jamie Oleksiak and loses puck.
6:02 of 3rd period - Frans Nielsen is hit by Jamie Oleksiak and loses puck.
6:12 of 3rd period - Frans Nielsen is hit by Jamie Oleksiak and loses puck.
7:20 of 3rd period - Shot by Sammy Blais.
7:20 of 3rd period - Shot Misses the Net.
7:42 of 3rd period - Shot by Brandon Tanev.
7:42 of 3rd period - Stopped by James Reimer without a rebound.
7:43 of 3rd period - Robert Thomas wins face-off versus Tyler Bozak in CHICAGO zone.
7:58 of 3rd period - Shot by Gustav Nyquist.
7:58 of 3rd period - Deflect By Cody Eakin.
7:58 of 3rd period - Shot Misses the Net.
8:00 of 3rd period - Shot by Haydn Fleury.
8:00 of 3rd period - Stopped by Philipp Grubauer without a rebound.
8:01 of 3rd period - Frans Nielsen wins face-off versus Jack Eichel in PITTSBURGH zone.
8:02 of 3rd period - Shot by Erik Haula.
8:02 of 3rd period - Deflect By Milan Lucic.
8:02 of 3rd period - Stopped by Philipp Grubauer without a rebound.
8:03 of 3rd period - Frans Nielsen wins face-off versus Colton Sissons in PITTSBURGH zone.
8:07 of 3rd period - Icing by Kris Russell.
8:08 of 3rd period - Colton Sissons wins face-off versus Tyler Bozak in PITTSBURGH zone.
8:22 of 3rd period - Icing by Tyson Barrie.
8:23 of 3rd period - Vincent Hinostroza wins face-off versus Cody Eakin in CHICAGO zone.
8:40 of 3rd period - Shot by Vincent Hinostroza.
8:40 of 3rd period - Stopped by James Reimer without a rebound.
8:41 of 3rd period - Frans Nielsen wins face-off versus Derek Ryan in CHICAGO zone.
8:41 of 3rd period - Frans Nielsen is hit by Sammy Blais.
9:10 of 3rd period - Derek Ryan is hit by Michael Del Zotto and loses puck.
9:16 of 3rd period - Icing by Michael Del Zotto.
9:17 of 3rd period - Frans Nielsen wins face-off versus Jack Eichel in CHICAGO zone.
9:42 of 3rd period - Shot by Jack Eichel.
9:42 of 3rd period - Stopped by James Reimer without a rebound.
9:43 of 3rd period - Robert Thomas wins face-off versus Brandon Sutter in CHICAGO zone.
9:44 of 3rd period - Shot by Andrei Svechnikov.
9:44 of 3rd period - Shot Misses the Net.
9:48 of 3rd period - Shot by Robert Thomas.
9:48 of 3rd period - Shot Misses the Net.
10:10 of 3rd period - Off-side.
10:11 of 3rd period - Tyler Bozak wins face-off versus Jack Eichel in neutral zone.
10:31 of 3rd period - Off-side.
10:32 of 3rd period - Frans Nielsen wins face-off versus Derek Ryan in neutral zone.
10:50 of 3rd period - Derek Ryan is hit by Michael Del Zotto and loses puck.
11:07 of 3rd period - Shot by Derek Ryan.
11:07 of 3rd period - Shot Misses the Net.
12:16 of 3rd period - Sven Baertschi is hit by Vincent Hinostroza and loses puck.
12:23 of 3rd period - Jonas Siegenthaler is hit by Mikkel Boedker and loses puck.
12:41 of 3rd period - Icing by Kris Russell.
12:42 of 3rd period - Connor Bunnaman wins face-off versus Teuvo Teravainen in PITTSBURGH zone.
12:45 of 3rd period - Shot by Brett Murray.
12:45 of 3rd period - Shot Misses the Net.
13:04 of 3rd period - Kris Russell is hit by Connor Bunnaman and loses puck.
13:33 of 3rd period - Shot by Nick Leddy.
13:33 of 3rd period - Shot Misses the Net.
14:17 of 3rd period - Shot by Tyler Bozak.
14:17 of 3rd period - Stopped by Philipp Grubauer without a rebound.
14:18 of 3rd period - Brandon Sutter wins face-off versus Derek Ryan in PITTSBURGH zone.
14:19 of 3rd period - Shot by Mikkel Boedker.
14:19 of 3rd period - Stopped by Philipp Grubauer with a rebound.
15:24 of 3rd period - Shot by Gustav Nyquist.
15:24 of 3rd period - Shot Misses the Net.
15:54 of 3rd period - Cody Eakin is hit by Andrei Svechnikov and loses puck.
17:06 of 3rd period - Shot by Cale Makar.
17:06 of 3rd period - Shot Misses the Net.
17:08 of 3rd period - Shot by Kris Russell.
17:08 of 3rd period - Shot Blocked by Nick Leddy.
17:56 of 3rd period - Shot by Mikkel Boedker.
17:56 of 3rd period - Shot Blocked by Jonas Siegenthaler.
17:58 of 3rd period - Shot by Brandon Sutter.
17:58 of 3rd period - Stopped by Philipp Grubauer without a rebound.
17:59 of 3rd period - Colton Sissons wins face-off versus Connor Bunnaman in PITTSBURGH zone.
18:15 of 3rd period - Icing by Tyson Barrie.
18:16 of 3rd period - Connor Bunnaman wins face-off versus Derek Ryan in CHICAGO zone.
18:49 of 3rd period - Shot by Sven Baertschi.
18:49 of 3rd period - Stopped by Philipp Grubauer without a rebound.
18:50 of 3rd period - Robert Thomas wins face-off versus Tyler Bozak in PITTSBURGH zone.
19:08 of 3rd period - Gustav Nyquist is hit by Jordan Greenway and loses puck.
19:16 of 3rd period - Off-side.
19:17 of 3rd period - Derek Ryan wins face-off versus Tyler Bozak in neutral zone.
19:29 of 3rd period - CHICAGO, James Reimer is pulled from the net.
19:29 of 3rd period - Shot by Gustav Nyquist.
19:29 of 3rd period - Stopped by Philipp Grubauer without a rebound.
19:30 of 3rd period - Vincent Hinostroza wins face-off versus Cody Eakin in PITTSBURGH zone.
19:39 of 3rd period - Shot by Vincent Hinostroza.
19:39 of 3rd period - Goal by Vincent Hinostroza - CHICAGO : 2 - PITTSBURGH : 4.
19:39 of 3rd period - James Reimer from CHICAGO was sent back in the game.
19:40 of 3rd period - Frans Nielsen wins face-off versus Robert Thomas in neutral zone.
Goals for this period are 1 for CHICAGO vs 1 for PITTSBURGH.
Shots for this period are 10 for CHICAGO vs 4 for PITTSBURGH.